 Dungeon Crawl Stone Soup version 0.17-a0-1663-gb806841 (webtiles) character file.

174 nuthulu the Grave Robber (level 5, 0/42 HPs)
             Began as a Deep Dwarf Necromancer on Aug 16, 2015.
             Slain by an ogre
             ... wielding a +0 giant club
              (11 damage)
             ... on level 4 of the Dungeon.
             The game lasted 00:11:41 (3650 turns).

nuthulu the Grave Robber (Deep Dwarf Necromancer)   Turns: 3650, Time: 00:11:41

Health: 0/42       AC:  3    Str: 11    XL:     5   Next: 28%
Magic:  0/9        EV: 14    Int: 17    God:
Gold:   46         SH:  0    Dex: 13    Spells: 3 memorised, 2 levels left

rFire  . . .     SeeInvis .     (no weapon)
rCold  . . .     Clarity  .     a - +0 robe
rNeg   . . .     SustAt   .     (no shield)
rPois  .         Gourm    .     (no helmet)
rElec  .         Spirit   .     e - +0 cloak
rCorr  .         Warding  .     (no gloves)
rMut   .         Stasis   .     (no boots)
MR     .....                    (no amulet)
Stlth  ++........               (no ring)
                                (no ring)

@: non-regenerating, not resistant to hostile enchantments, unstealthy
A: damage resistance, recharge devices, sense surroundings 1, slow healing 3
a: Device Recharging


You were on level 4 of the Dungeon.
You were not hungry.

You visited 1 branch of the dungeon, and saw 4 of its levels.

You collected 46 gold pieces.

Inventory:

Armour
 a - a +0 robe (worn)
 e - a +0 cloak (worn)
Magical devices
 c - a wand of heal wounds (6)
Scrolls
 i - a scroll of identify
Potions
 f - a potion of agility
 h - 2 potions of brilliance
Books
 b - a book of Necromancy

   Spells                             Type                      Level
   a - Pain                           Necromancy                   1
   b - Animate Skeleton               Necromancy                   1
   c - Vampiric Draining              Necromancy                   3
   d - Regeneration                   Charms/Necromancy            3
   e - Animate Dead                   Necromancy                   4
   f - Control Undead                 Necromancy                   4
Comestibles
 d - 2 bread rations


   Skills:
 + Level 4.1 Dodging
 - Level 2.4 Stealth
 + Level 3.0 Spellcasting
 + Level 5.4 Necromancy


You had 2 spell levels left.
You knew the following spells:

 Your Spells              Type           Power        Failure   Level  Hunger
a - Pain                  Necr           ###.         1%          1    None
b - Vampiric Draining     Necr           ###.......   8%          3    ###....
c - Animate Dead          Necr           N/A          21%         4    ####...


Dungeon Overview and Level Annotations

Branches:
Dungeon (4/15)
 Temple: D:4-7

Altars:

Annotations:
D:3 Kidiri's ghost, average HuCK


Innate Abilities, Weirdness & Mutations

You are resistant to damage.
You can recharge devices by infusing magical energy.
You passively map a small area around you.
You do not heal naturally.


Message History

Aim: an ogre, wielding a giant club (lightly wounded, chance to defeat MR: 80%)
The ogre convulses in agony!
Casting: Pain
Confirm with . or Enter, or press ? or * to list all spells.
Aiming: Vampiric Draining
Press: ? - help, Shift-Dir - straight line, f/p - ogre
Aim: an ogre, wielding a giant club (moderately wounded)
The ogre is moderately wounded.
You feel life coursing into your body. The ogre barely misses you.
Casting: Vampiric Draining
Confirm with . or Enter, or press ? or * to list all spells.
Okay, then.
Casting: Vampiric Draining
Confirm with . or Enter, or press ? or * to list all spells.
Aiming: Vampiric Draining
Press: ? - help, Shift-Dir - straight line, f/p - ogre
Aim: an ogre, wielding a giant club (moderately wounded)
The ogre is heavily wounded.
You feel life coursing into your body. The ogre hits you with a giant club!
You die...

, .., +.>., , * * #..#.
#..# * * *, #..#.####..#
, #..#...##..# #
#.(#...##..# *
#.###..#...##..# , , ,
+..........##.<########
* ,#
#................... ,
.#.##..@....##......####
,, ......#O#...##..#.###
, .........#...##..#.#
....###..#...##..#.#
#...........##..#.# **
#.####..#.#.##..... ,
*#..#.#.###.#.#*
......%........,,, ,
.#.####..#.#### ,


You could see an ogre.

Vanquished Creatures
  Ijyb (D:2)
  An orc wizard (D:2)
  3 gnolls (D:2)
  3 adders
  A giant gecko (D:3)
  6 orcs
  3 ball pythons
  A giant cockroach (D:1)
  6 goblins
  7 hobgoblins
  6 jackals (D:2)
  3 kobolds
  4 bats
  4 giant newts
  6 rats
55 creatures vanquished.

Notes
Turn   | Place    | Note
--------------------------------------------------------------
     0 | D:1      | nuthulu the Deep Dwarf Necromancer began the quest for the Orb.
     0 | D:1      | Reached XP level 1. HP: 15/15 MP: 3/3
   690 | D:1      | Reached XP level 2. HP: 19/22 MP: 1/5
  1143 | D:2      | Noticed Ijyb
  1153 | D:2      | Killed Ijyb
  1153 | D:2      | Reached XP level 3. HP: 28/28 MP: 0/6
  1214 | D:2      | Learned a level 3 spell: Vampiric Draining
  1504 | D:2      | Reached skill level 5 in Necromancy
  1504 | D:2      | Reached XP level 4. HP: 21/36 MP: 0/7
  1579 | D:2      | Learned a level 4 spell: Animate Dead
  2761 | D:3      | Noticed Kidiri's ghost (average HuCK)
  2891 | D:2      | Reached XP level 5. HP: 26/42 MP: 2/9
  3637 | D:4      | Noticed an ogre
  3650 | D:4      | Slain by an ogre

Vault maps used:
D:1:      erik_arrival_blinker_ship
D:2:      uniq_iyjb
D:3:      grunt_temple_overflow_growth_and_decay, lemuel_coloured_pillars_altar,
          first_bread, serial_forest, infiniplex_forest_straight_3,
          infiniplex_forest_pool, infiniplex_forest_clump_small,
          infiniplex_forest_clump_small, ecumenical_altar_1, kennysheep_nub

Action                   |  1- 3 |  4- 6 || total
-------------------------+-------+-------++-------
Melee: Unarmed           |     8 |    18 ||    26
 Cast: Pain              |    35 |    60 ||    95
       Vampiric Draining |     5 |     8 ||    13
       Animate Dead      |       |     1 ||     1
Evoke: Wand              |     1 |     2 ||     3
  Use: Scroll            |     4 |     1 ||     5
       Potion            |     1 |       ||     1
  Eat: Chunk             |     2 |     8 ||    10
       Pizza             |       |     1 ||     1
